 Dungeon Crawl Stone Soup version 0.30-a0-591-g3c58d2bc28 (webtiles) character file.

Game seed: 3069790346226660232

112826 lunkers the Earth Mage (level 17, 18/98 HPs)
             Began as a Meteoran Earth Elementalist on Jan 2, 2023.
             Was a High Priest of Sif Muna.
             Quit the game on level 4 of the Abyss on Jan 18, 2023.
             The game lasted 01:41:11 (14050 turns).

lunkers the Earth Mage (MeEE)                      Turns: 14050, Time: 01:41:12

Health: 18/98      AC: 19    Str: 16 (17) XL:     17   Next: 74%
Magic:  5/35       EV: 19    Int: 26 (27) God:    Sif Muna [*****.]
Gold:   1542       SH: 12    Dex: 12      Spells: 1/43 levels left

rFire   + + +      SeeInvis +    t - +2 dagger (elec)
rCold   x . .      Faith    .    O - +0 kite shield {rC+}
rNeg    + . .      Spirit   +    o - +2 ring mail of Optimism {rF++ Will+ Str+4 Stlth+}
rPois   .          Reflect  .    T - +2 helmet
rElec   .          Harm     .    Q - +0 cloak
rCorr   .          Rampage  .    u - +2 pair of gloves
Will    +++..      Rage     3%   e - +0 pair of boots
Stlth   +                        D - amulet of Leson {Spirit rN+ Str+2 Int+4}
HPRegen 0.36/turn                h - +4 ring of protection
MPRegen 0.24/turn                r - +5 ring of evasion

@: glowing, studying 2 skills, unable to read, unable to drink
A: sense surroundings 2, otherworldly, glowing, explore regen, see invisible,
fire resistance 1, noise suppression, [berserk 1], [clumsy 2], [deformed body],
[deterioration 2], [frail 3], [screaming 2], [no potion heal 2], [cold
vulnerability 2], [subdued magic 2], [inability to drink after injury 2],
[inability to read after injury 2]
a: Renounce Religion, Channel Magic, Forget Spell, Divine Exegesis


You were on level 4 of the Abyss.
You worshipped Sif Muna.
Sif Muna was extremely pleased with you.
You visited 4 branches of the dungeon, and saw 23 of its levels.
You visited the Abyss 1 time.
You also visited: Sewer, Ossuary, Bailey and Ice Cave.

You collected 2966 gold pieces.
You spent 1424 gold pieces at shops.

Inventory:

Hand Weapons
 t - a +2 dagger of electrocution (weapon)
Missiles
 I - a throwing net
Armour
 e - a +0 pair of boots (worn)
 o - the +2 ring mail of Optimism (worn) {rF++ Will+ Str+4 Stlth+}
   (You found it in a bailey)

   Str:       It affects your strength (+4).
   rF:        It greatly protects you from fire.
   Will:      It increases your willpower.
   Stlth:     It makes you more stealthy.
 u - a +2 pair of gloves (worn)
 O - a +0 kite shield of cold resistance (worn)
 Q - a +0 cloak (worn)
 T - a +2 helmet (worn)
Jewellery
 h - a +4 ring of protection (left hand)
 j - an amulet of regeneration
 l - an amulet of magic regeneration
 m - a ring of see invisible
 p - a ring of fire
 r - a +5 ring of evasion (right hand)
 D - the amulet of Leson (around neck) {Spirit rN+ Str+2 Int+4}
   (You found it on level 7 of the Dungeon)

   [amulet of guardian spirit]

   It causes incoming damage to be divided between your reserves of health and
   magic.
   Str:       It affects your strength (+2).
   Int:       It affects your intelligence (+4).
   rN:        It protects you from negative energy.
 P - a ring of ice
 U - an amulet of reflection
 V - a ring of wizardry
 X - a ring of poison resistance
Wands
 k - a wand of flame (71)
 n - a wand of roots (25)
 C - a wand of light (9)
 E - a wand of paralysis (20)
 K - a wand of polymorph (5)
Scrolls
 d - 2 scrolls of fear
 x - 4 scrolls of magic mapping
 y - 2 scrolls of enchant armour
 J - 2 scrolls of blinking
 L - a scroll of silence
Potions
 b - 5 potions of magic
 c - 2 potions of haste
 f - 5 potions of mutation
 g - 5 potions of curing
 i - 7 potions of heal wounds
 q - 3 potions of might
 v - 4 potions of flight
 w - 4 potions of attraction
 z - a potion of brilliance
 A - a potion of berserk rage
 B - 5 potions of lignification
 G - a potion of ambrosia
 R - a potion of resistance
 Y - a potion of cancellation
Miscellaneous
 S - a tin of tremorstones (2/2)


   Skills:
 - Level 10.0 Fighting
 + Level 6.7 Armour
 - Level 11.3 Dodging
 - Level 1.4 Stealth
 - Level 14.0 Shields
 + Level 13.7 Spellcasting
 - Level 3.7 Conjurations
 - Level 11.9 Necromancy
 - Level 1.2 Transmutations
 * Level 7.5 Ice Magic
 - Level 18.0 Earth Magic
 - Level 9.0 Invocations


You had one spell level left.
You knew the following spells:

 Your Spells              Type           Power      Damage    Failure   Level
a - Stone Arrow           Conj/Erth      92%        3d12      1%          3
b - Passwall              Tmut/Erth      35%        N/A       1%          2
c - Sandblast             Erth           100%       2d20      0%          1
d - Borgnjor's Vile Clut  Necr/Erth      28%        N/A       1%          5
e - Petrify               Tmut/Erth      42%        N/A       1%          4
f - Lee's Rapid Deconstr  Erth           31%        3d16*     1%          5
g - Shatter               Erth           31%        3d26*     99%         9
h - Iron Shot             Conj/Erth      23%        9d5       13%         6
i - Ozocubu's Refrigerat  Ice            17%        4d11      97%         7

Your spell library contained the following spells:

 Spells                   Type           Power      Damage    Failure   Level
 Kiss of Death            Conj/Necr      100%       2d13      1%          1
 Foxfire                  Conj/Fire      68%        2x1d7     2%          1
 Shock                    Conj/Air       68%        1d7       2%          1
 Apportation              Tloc           22%        N/A       6%          1
 Cigotuvi's Dreadful Rot  Necr/Pois/Air  48%        N/A       1%          2
 Sublimation of Blood     Necr           50%        N/A       1%          2
 Ozocubu's Armour         Ice            35%        N/A       1%          3
 Animate Armour           Summ/Erth      80%        N/A       1%          4
 Animate Dead             Necr           50%        N/A       1%          4
 Dispel Undead            Necr           50%        3d19      1%          4
 Leda's Liquefaction      Hex/Erth       20%        N/A       1%          4
 Momentum Strike          Conj/Tloc      34%        3d8       4%          2
 Static Discharge         Conj/Air       34%        2-4/arc   4%          2
 Wereblood                Tmut           15%        N/A       6%          2
 Death Channel            Necr           25%        N/A       7%          6
 Dazzling Flash           Conj/Hex       34%        N/A       10%         3
 Blink                    Tloc           22%        N/A       11%         2
 Poisonous Vapours        Pois/Air       22%        N/A       11%         2
 Spider Form              Tmut/Pois      13%        N/A       17%         3
 Ignite Poison            Fire/Tmut/Pois 12%        N/A       19%         3
 Simulacrum               Ice/Necr       21%        N/A       21%         6
 Call Canine Familiar     Summ           11%        N/A       22%         3
 Inner Flame              Hex/Fire       11%        N/A       22%         3
 Kindle Blastsparks       Fire/Tloc/Air  22%        2d11      22%         3
 Lesser Beckoning         Tloc           22%        N/A       22%         3
 Portal Projectile        Hex/Tloc       22%        N/A       22%         3
 Swiftness                Air            11%        N/A       22%         3
 Tukima's Dance           Hex            11%        N/A       22%         3
 Vhi's Electric Charge    Tloc/Air       22%        N/A       22%         3
 Statue Form              Tmut/Erth      28%        N/A       22%         6
 Fulminant Prism          Conj/Hex       8%         3d7       34%         4
 Iskenderun's Mystic Bla  Conj/Tloc      17%        2d5       34%         4
 Sticky Flame             Conj/Fire      17%        2d4       34%         4
 Freezing Cloud           Conj/Ice/Air   11%        6-21      43%         5
 Metabolic Englaciation   Hex/Ice        11%        N/A       43%         5
 Airstrike                Air            5%         2d(1-17)  61%         4
 Cause Fear               Hex            5%         N/A       61%         4
 Manifold Assault         Tloc           11%        N/A       61%         4
 Passage of Golubria      Tloc           11%        N/A       61%         4
 Summon Lightning Spire   Summ/Air       11%        N/A       61%         4
 Arcjolt                  Conj/Air       8%         1d18      71%         5
 Fireball                 Conj/Fire      8%         3d6       71%         5
 Lightning Bolt           Conj/Air       8%         1d21      71%         5
 Blade Hands              Tmut           7%         N/A       80%         5
 Summon Forest            Summ/Tloc      5%         N/A       92%         5
 Starburst                Conj/Fire      8%         6d4       99%         6
 Haunt                    Necr/Summ      15%        N/A       99%         7
 Infestation              Necr           25%        N/A       99%         8
 Eringya's Noxious Bog    Tmut/Pois      6%         N/A       100%        6
 Dragon Form              Tmut           7%         N/A       100%        7
 Spellforged Servitor     Conj/Summ      8%         N/A       100%        7
 Summon Hydra             Summ           5%         N/A       100%        7
 Ignition                 Fire           5%         3d4       100%        8
 Lehudib's Crystal Spear  Conj/Erth      23%        10d6      100%        8
 Dragon's Call            Summ           5%         N/A       100%        9
 Polar Vortex             Ice            17%        N/A       100%        9


Dungeon Overview and Level Annotations

Branches:
Dungeon (15/15) Zot: 1125  Temple (0/1) D:5            Lair (5/5) D:9 Zot: 148
 Shoals (0/4) Lair:2        Snake (0/4) Lair:3        Slime (0/5) Lair:4
    Orc (2/2) D:9 Zot: 450     Elf (0/3) Orc:2        Vaults (0/5) D:14
 Depths (1/4) D:15 Zot: 355   Sewer (visited)         Ossuary (visited)
 Bailey (visited)           IceCv (visited)

Altars:
Fedhas
Qazlal
Sif Muna
Trog
Jiyva

Shops:
Orc:2 =[*(   Depths:1 :=:

Portals:
Abyss: Depths:1

Annotations:
D:8 1 runed translucent door
D:13 1 transporter
Lair:5 exclusion: obsidian statue


Innate Abilities, Weirdness & Mutations

You passively map the area around you.
You are easily found by Zot.
You glow in the dark.
You regain HP and MP as you explore.
You have supernaturally acute eyesight. (SInv)
Your flesh is heat resistant. (rF+)
You passively dampen the noise of your surroundings.
[You sometimes lose your temper in combat.]
[You are very clumsy. (Dex -4)]
[Armour fits poorly on your strangely shaped body.]
[Your body often deteriorates upon taking damage.]
[You are extremely frail. (-30% HP)]
[You frequently scream uncontrollably at your foes.]
[Potions cannot restore your health.]
[You are very vulnerable to cold. (rC--)]
[Your spells are easier to cast, but less powerful.]
[You sometimes lose the ability to drink potions when taking damage.]
[You sometimes lose the ability to read scrolls when taking damage.]


Message History

Confirm with . or Enter, or press ? or * to list all spells.
Aiming: Borgnjor's Vile Clutch (safe; 1% risk of failure)
Press: ? - help, Shift-Dir - straight line, f - chaos spawn
Aim: a chaos spawn (almost dead, 100% to hit)
Zombie hands grab the chaos spawn.
The lurking horror is unaffected.
The zombie hands constrict the chaos spawn!
You kill the chaos spawn!
Sif Muna accepts your kill.
The chaos spawn degenerates into a cloud of primal chaos!
Unknown command.
You hit the lurking horror.
Lightning courses through the lurking horror!
Your body is wracked with pain!
* * * LOW HITPOINT WARNING * * *
Your body deteriorates!
You feel weakened.
Unknown command.
Casting: Borgnjor's Vile Clutch (safe; 1% risk of failure)
Confirm with . or Enter, or press ? or * to list all spells.
Okay, then.
Aiming: Sandblast (safe; 0% risk of failure)
Press: ? - help, Q - select action, (/) - cycle Shift-Dir - straight line, f - wretched star
Aim: a wretched star (85% to hit)
The blast of sand misses the wretched star.
The wretched star glows turbulently.
The lance of force hits you!!
* * * LOW MAGIC WARNING * * *
* * * LOW HITPOINT WARNING * * *
You are knocked back by the lance of force.
You slam into the rock wall!
* * * LOW MAGIC WARNING * * *
* * * LOW HITPOINT WARNING * * *
The wretched star pulses with an eldritch light!
You feel the urge to shout.
You feel a strong urge to scream.
Your system partially rejects the healing effects of potions.
Your system completely rejects the healing effects of potions.
Unknown command.
You cannot read scrolls in your current state!
You cannot read scrolls in your current state!
Are you sure you want to abandon this character and quit the game? (Confirm with "yes".)

######
#...@#
##.###
#.#
#.#
#.#
#*#
#4# #.
#.#


There were no monsters in sight!

Vanquished Creatures
  Rupert (Lair:3)
  4 tentacled starspawn (Abyss:3)
  A frost giant (Depths:1)
  A balrug (Abyss:1)
  An orc warlord (Orc:2)
  A cacodemon (Abyss:4)
  A reaper (Abyss:1)
  7 very ugly things (D:15)
  3 stone giants
  Nessos (Lair:5)
  A white draconian (Abyss:1)
  2 dire elephants (Lair:5)
  A fire dragon (D:13)
  A yaktaur captain (D:14)
  2 hydras
  A quicksilver dragon skeleton (Abyss:3)
  A catoblepas (Lair:5)
  An ogre mage (D:15)
  3 ice dragons
  A death knight (D:11)
  4 two-headed ogres
  A boulder beetle (Lair:5)
  A boulder beetle (shapeshifter) (D:15)
  5 centaur warriors
  A deep troll shaman (D:15)
  2 death yaks (Lair:5)
  2 tengu warriors (D:15)
  2 thrashing horrors (Abyss:3)
  An orc high priest (Orc:2)
  A skeletal warrior (D:11)
  A wretched star (Abyss:1)
  4 deep trolls
  A spectral anaconda (Lair:5)
  Pikel (D:7)
  A lindwurm (Lair:5)
  3 necromancers (Lair:5)
  A phantasmal warrior (D:11)
  4 orc knights
  A deep elf zephyrmancer (Bailey)
  10 large abominations
  2 deep elf pyromancers
  3 orc sorcerers (Orc:2)
  14 ugly things
  2 manticores
  4 cyclopes
  A merfolk siren (Lair:2)
  A worldbinder (Abyss:1)
  12 elephants
  2 ice statues (IceCv)
  A naga zombie (Abyss:1)
  A rust devil (Abyss:3)
  3 smoke demons
  4 black mambas
  A torpor snail (Lair:5)
  A dire elephant skeleton (Lair:5)
  8 rime drakes
  19 cane toads
  2 freezing wraiths
  2 yaktaurs (D:14)
  2 kobold demonologists (D:11)
  3 komodo dragons
  An ancient zyme (Abyss:3)
  A merfolk (Lair:2)
  9 meliai
  2 trolls
  A polar bear (Lair:5)
  2 hornets
  6 raiju
  A blink frog (shapeshifter) (D:14)
  6 small abominations
  24 blink frogs
  2 spectral elephants (Lair:5)
  11 slime creatures
  5 spriggans (D:10)
  A vampire (D:8)
  2 ynoxinuls (Abyss:3)
  A wyvern (D:9)
  A shadow (Abyss:3)
  5 wraiths
  2 chaos spawn
  A yak (shapeshifter) (D:15)
  7 basilisks
  3 death yak simulacra (Lair:5)
  2 neqoxecs (Abyss:1)
  3 steam dragons
  46 yaks
  6 vampire mosquitoes
  2 wargs (Orc:2)
  Menkaure (D:4)
  3 acid dragons
  A spectral cane toad (Lair:5)
  Duvessa (D:4)
  13 water moccasins
  An ice beast (D:7)
  A black bear (D:8)
  A sky beast (D:7)
  19 orc warriors
  11 wolves
  An elephant zombie (Lair:5)
  4 ogres
  10 centaurs
  3 elephant skeletons (Lair:5)
  A lemure (D:7)
  A phantom (D:6)
  6 elf zombies (Ossuary)
  6 kobold brigands
  Blork the orc (Orc:2)
  2 scorpions
  8 bullfrogs
  4 wights (D:8)
  Dowan (D:4)
  7 killer bees
  6 lindwurm simulacra (IceCv)
  An elephant simulacrum (Lair:5)
  2 centaur zombies (Ossuary)
  6 komodo dragon simulacra (IceCv)
  3 quasits
  4 human zombies (Ossuary)
  4 jellies
  2 gnoll boudas
  7 hounds
  18 orc priests
  A starcursed mass (Abyss:3)
  5 iguanas
  19 orc wizards
  3 mummies (Ossuary)
  Robin (D:4)
  7 gnolls
  4 acid dragon simulacra (IceCv)
  7 adders
  2 river rats (Sewer)
  A shadow imp (D:7)
  4 white imps
  An ufetubus (Abyss:4)
  5 steam dragon simulacra (IceCv)
  5 worms
  4 dart slugs
  59 orcs
  6 ball pythons
  6 bats
  4 endoplasms
  A giant cockroach (D:2)
  14 goblins
  11 hobgoblins
  15 jackals
  3 quokkas
  6 frilled lizards
  26 kobolds
  5 rats
  A lurking horror (Abyss:4)
  A starspawn tentacle (Abyss:3)
710 creatures vanquished.

Vanquished Creatures (others)
  An orc wizard (D:5)
  23 fungi
  A lurking horror (Abyss:3)
  32 plants
  27 starspawn tentacles
  19 withered plants (Lair:5)
103 creatures vanquished.

Grand Total: 813 creatures vanquished

Notes
Turn   | Place    | Note
-------+----------+-------------------------------------------
     0 | D:1      | lunkers the Meteoran Earth Elementalist began the quest for
                  | the Orb.
     0 | D:1      | Reached XP level 1. HP: 14/14 MP: 5/5
    85 | D:1      | Reached XP level 2. HP: 20/20 MP: 2/6
    87 | D:1      | Reached skill level 4 in Earth Magic
    90 | D:1      | Learned a level 2 spell: Passwall
   186 | D:1      | Reached XP level 3. HP: 26/26 MP: 2/8
   235 | D:1      | Learned a level 3 spell: Stone Arrow
   370 | D:2      | Reached skill level 1 in Conjurations
   378 | D:2      | Reached XP level 4. HP: 33/33 MP: 3/10
   494 | D:2      | Found a faded altar of an unknown god.
   557 | D:2      | Prayed at the altar of an unknown god.
   557 | D:2      | Became a worshipper of Sif Muna the Loreminder
   557 | D:2      | Reached * piety under Sif Muna
   592 | D:2      | Reached skill level 5 in Earth Magic
   865 | D:3      | Reached XP level 5. HP: 38/38 MP: 8/11
   935 | D:3      | Reached ** piety under Sif Muna
   964 | D:3      | Reached skill level 1 in Invocations
  1252 | D:4      | Noticed Menkaure
  1254 | D:4      | Killed Menkaure
  1255 | D:4      | Reached XP level 6. HP: 45/45 MP: 10/13
  1267 | D:4      | Reached skill level 6 in Earth Magic
  1267 | D:4      | Reached XP level 7. HP: 50/50 MP: 2/14
  1277 | D:4      | Learned a level 5 spell: Borgnjor's Vile Clutch
  1328 | D:4      | Noticed Robin
  1356 | D:4      | Killed Robin
  1372 | D:4      | Noticed Duvessa
  1372 | D:4      | Noticed Dowan
  1386 | D:4      | Killed Duvessa
  1387 | D:4      | Reached skill level 1 in Necromancy
  1389 | D:4      | Killed Dowan
  1427 | D:4      | Found a stormy altar of Qazlal.
  1591 | D:5      | Entered Level 5 of the Dungeon
  1741 | D:5      | Reached XP level 8. HP: 50/57 MP: 6/16
  1744 | D:5      | Reached skill level 7 in Earth Magic
  1783 | D:5      | Reached skill level 5 in Spellcasting
  1900 | D:5      | Found a staircase to the Ecumenical Temple.
  1976 | D:5      | Found a glowing drain.
  1988 | D:5      | Reached *** piety under Sif Muna
  1996 | Sewer    | Entered a sewer
  2292 | Sewer    | Reached skill level 8 in Earth Magic
  2390 | Sewer    | Glimpsed the power of Zot.
  2402 | Sewer    | Identified a scroll of acquirement
  2402 | Sewer    | Acquired 982 gold pieces
  2432 | Sewer    | Glimpsed the power of Zot.
  2644 | D:6      | Gained mutation: You passively map the area around you.
                  | [Meteoran growth]
  2644 | D:6      | Reached XP level 9. HP: 62/62 MP: 10/18
  2819 | D:6      | Reached **** piety under Sif Muna
  3206 | D:7      | Found a sand-covered staircase.
  3218 | Ossuary  | Entered an ossuary
  3241 | Ossuary  | Reached skill level 5 in Necromancy
  3253 | Ossuary  | Reached skill level 5 in Invocations
  3286 | Ossuary  | Reached skill level 9 in Earth Magic
  3621 | D:7      | Reached XP level 10. HP: 69/69 MP: 16/20
  3687 | D:7      | Noticed Pikel
  3694 | D:7      | Killed Pikel
  3695 | D:7      | Reached skill level 10 in Earth Magic
  3725 | D:7      | Identified the amulet of Leson {Spirit rN+ Str+2 Int+4}
  4015 | D:8      | Noticed a two-headed ogre
  4031 | D:7      | Learned a level 4 spell: Petrify
  4135 | D:8      | Noticed an efreet
  4135 | D:8      | Noticed a lindwurm
  4136 | D:8      | Found a runed translucent door.
  4138 | D:8      | Noticed a tengu conjurer
  4138 | D:8      | Noticed a boulder beetle
  4138 | D:8      | Noticed a wizard
  4138 | D:8      | Noticed an orc knight
  4138 | D:8      | Identified the amulet of the Prince {Spirit -Tele rCorr
                  | Slay+2 SInv}
  4138 | D:8      | Noticed a yaktaur
  4200 | D:8      | Killed a two-headed ogre
  4275 | D:8      | Found a bloodstained altar of Trog.
  4414 | D:8      | Reached ***** piety under Sif Muna
  4531 | D:8      | Reached skill level 11 in Earth Magic
  4540 | D:9      | Reached skill level 1 in Fighting
  4627 | D:9      | Reached XP level 11. HP: 74/77 MP: 16/24
  4692 | D:8      | Found a blossoming altar of Fedhas.
  4715 | D:8      | Received a gift from Sif Muna
  4716 | D:8      | Got Sif Muna's Opusculum on Trauma {god gift}
  4743 | D:9      | Found a shimmering blue altar of Sif Muna.
  4755 | D:9      | Found a staircase to the Orcish Mines.
  4799 | Orc:1    | Entered Level 1 of the Orcish Mines
  4891 | Orc:2    | Entered Level 2 of the Orcish Mines
  4892 | Orc:2    | Noticed a cyclops
  4903 | Orc:2    | Killed a cyclops
  5072 | Orc:2    | Noticed an orc high priest
  5085 | Orc:2    | Killed an orc high priest
  5086 | Orc:2    | Reached skill level 12 in Earth Magic
  5150 | Orc:2    | Noticed an orc sorcerer
  5151 | Orc:2    | Noticed an orc sorcerer
  5151 | Orc:2    | Noticed an orc knight
  5160 | Orc:2    | Killed an orc sorcerer
  5174 | Orc:2    | Killed an orc knight
  5182 | Orc:2    | Noticed Blork the orc
  5186 | Orc:2    | Killed Blork the orc
  5188 | Orc:2    | Noticed an orc knight
  5212 | Orc:2    | Killed an orc knight
  5213 | Orc:2    | Reached skill level 5 in Dodging
  5213 | Orc:2    | Reached skill level 10 in Necromancy
  5220 | Orc:2    | Noticed an orc knight
  5233 | Orc:2    | Noticed a smoke demon
  5234 | Orc:2    | Killed an orc sorcerer
  5235 | Orc:2    | Reached XP level 12. HP: 70/91 MP: 14/26
  5240 | Orc:2    | Killed an orc knight
  5248 | Orc:2    | Noticed an orc warlord
  5268 | Orc:2    | Killed an orc warlord
  5307 | Orc:2    | Noticed a soul eater
  5316 | Orc:2    | Reached skill level 13 in Earth Magic
  5327 | Orc:2    | Found Ymalul's Antique Weapon Shoppe.
  5343 | Orc:2    | Found Lifin's Antique Armour Shoppe.
  5359 | Orc:2    | Bought a buckler for 144 gold pieces
  5372 | Orc:2    | Found a frozen archway.
  5382 | IceCv    | Entered an ice cave
  5439 | IceCv    | Received a gift from Sif Muna
  5441 | IceCv    | Got Sif Muna's Secrets of the Body and the Anticline {god
                  | gift}
  5450 | IceCv    | Learned a level 5 spell: Lee's Rapid Deconstruction
  5463 | IceCv    | Learned a level 9 spell: Shatter
  5528 | IceCv    | Reached skill level 1 in Shields
  5618 | IceCv    | Reached skill level 5 in Fighting
  5647 | IceCv    | Noticed an ice dragon
  5653 | IceCv    | Killed an ice dragon
  5747 | IceCv    | Upgraded the game from 0.30-a0-585-g93115170b9 to
                  | 0.30-a0-591-g3c58d2bc28
  5852 | Orc:2    | Found a staircase to the Elven Halls.
  5877 | Orc:2    | Found Turimi's Jewellery Shoppe.
  5892 | Orc:2    | Found Ludimuuk's General Store.
  6082 | D:9      | Found a staircase to the Lair.
  6113 | Lair:1   | Entered Level 1 of the Lair of Beasts
  6123 | Lair:1   | Reached XP level 13. HP: 101/101 MP: 12/27
  6174 | Lair:1   | Identified the +0 leather armour of the Sunfish {Slay+6}
  6205 | Lair:1   | Reached skill level 10 in Spellcasting
  6461 | Lair:2   | Reached skill level 14 in Earth Magic
  6537 | Lair:2   | Reached skill level 5 in Shields
  6650 | Lair:3   | Noticed Rupert
  6664 | Lair:3   | Killed Rupert
  6968 | Lair:4   | Got the Handbook of Vapourous Combat Magic
  7010 | Lair:5   | Entered Level 5 of the Lair of Beasts
  7018 | Lair:5   | Noticed a death yak
  7018 | Lair:5   | Noticed a death yak
  7020 | Lair:5   | Noticed a catoblepas
  7033 | Lair:4   | Reached XP level 14. HP: 76/111 MP: 9/29
  7035 | Lair:4   | Received a gift from Sif Muna
  7042 | Lair:4   | Got Sif Muna's Tractate on the Distorted Welkin {god gift}
  7141 | Lair:5   | Noticed Nessos
  7333 | Lair:5   | Reached skill level 15 in Earth Magic
  7438 | Lair:4   | Learned a level 6 spell: Iron Shot
  7780 | Lair:5   | Killed Nessos
  7797 | Lair:5   | Noticed a dire elephant
  7797 | Lair:5   | Noticed a dire elephant
  7990 | Lair:5   | Killed a dire elephant
  7992 | Lair:5   | Killed a dire elephant
  7993 | Lair:5   | Reached XP level 15. HP: 83/121 MP: 5/31
  7994 | Lair:5   | Reached skill level 16 in Earth Magic
  8532 | Lair:1   | Reached skill level 10 in Shields
  8908 | D:10     | Entered Level 10 of the Dungeon
  9027 | D:10     | Found a flagged portal.
  9031 | D:10     | Identified the +9 spear "Gyif" {flame, Int-5 Dex+4 Stlth+}
  9034 | Bailey   | Entered a bailey
  9154 | Bailey   | Found a large runed translucent door.
  9154 | Bailey   | Found a large runed translucent door.
  9218 | Bailey   | Identified the +2 ring mail of Optimism {rF++ Will+ Str+4
                  | Stlth+}
  9220 | Bailey   | Identified the +1 scale mail of Refuge {+Blink rCorr Dex+2}
  9642 | D:11     | Received a gift from Sif Muna
  9643 | D:11     | Got Neeclosysa's Notes on Fire and Geometries {god gift}
  9954 | D:10     | Reached skill level 1 in Armour
 10206 | D:12     | Identified the +8 chain mail "Rocefu" {rElec}
 10222 | D:12     | Reached skill level 10 in Dodging
 10449 | D:13     | Reached skill level 17 in Earth Magic
 10537 | D:13     | Reached XP level 16. HP: 118/130 MP: 6/33
 10577 | D:13     | Found a transporter.
 11092 | D:14     | Found a gate to the Vaults.
 11383 | D:15     | Entered Level 15 of the Dungeon
 11386 | D:15     | Identified the +12 dire flail of the Telling Owl {freeze,
                  | SInv}
 11559 | D:15     | Received a gift from Sif Muna
 11560 | D:15     | Got Sif Muna's Tractate on Transposed Alteration {god gift}
 11587 | D:15     | Found a staircase to the Depths.
 11630 | Depths:1 | Entered Level 1 of the Depths
 11644 | Depths:1 | Found a stormy altar of Qazlal.
 11939 | D:15     | Found a viscous altar of Jiyva.
 12373 | D:15     | Reached skill level 5 in Armour
 12407 | D:15     | HP: 1/133 [deep troll (10)]
 12469 | D:15     | HP: 4/133 [meliai/divine providence (13)]
 12524 | D:15     | Reached skill level 18 in Earth Magic
 12524 | D:15     | Reached XP level 17. HP: 75/139 MP: 16/35
 12634 | Depths:1 | Found Toleesh's Book Emporium.
 12634 | Depths:1 | Found Teku's Jewellery Shop.
 12635 | Depths:1 | Found Amiarul's Book Emporium.
 12649 | Depths:1 | Bought a manual of Ice Magic for 1280 gold pieces
 12676 | Depths:1 | Reached skill level 1 in Ice Magic
 12742 | Depths:1 | Identified the +0 ring mail of the Barracuda {Drain +Blink
                  | Will+ Int+5}
 12760 | Depths:1 | Found a one-way gate to the infinite horrors of the Abyss.
 12809 | Depths:1 | Voluntarily entered the Abyss.
 12809 | Abyss:1  | Found a corrupted altar of Lugonu.
 12869 | Abyss:1  | Found a corrupted altar of Lugonu.
 12886 | Abyss:1  | Found a corrupted altar of Lugonu.
 12886 | Abyss:1  | Found a corrupted altar of Lugonu.
 13002 | Abyss:1  | Reached skill level 10 in Fighting
 13110 | Abyss:1  | Noticed a tentacled starspawn
 13170 | Abyss:1  | Learned a level 7 spell: Ozocubu's Refrigeration
 13307 | Abyss:1  | Found a corrupted altar of Lugonu.
 13364 | Abyss:2  | Found a corrupted altar of Lugonu.
 13495 | Abyss:3  | Noticed a bone dragon
 13510 | Abyss:3  | Found a corrupted altar of Lugonu.
 13521 | Abyss:3  | Reached skill level 5 in Ice Magic
 13617 | Abyss:3  | Noticed a tentacled starspawn
 13657 | Abyss:3  | Killed a tentacled starspawn
 13673 | Abyss:3  | Found a corrupted altar of Lugonu.
 13688 | Abyss:3  | Received a gift from Sif Muna
 13704 | Abyss:3  | Noticed a tentacled starspawn
 13730 | Abyss:3  | Killed a tentacled starspawn
 13745 | Abyss:3  | Noticed a tentacled starspawn
 13768 | Abyss:3  | Killed a tentacled starspawn
 13875 | Abyss:3  | Noticed a tentacled starspawn
 13886 | Abyss:3  | Noticed a tentacled starspawn
 13908 | Abyss:3  | Killed a tentacled starspawn
 13970 | Abyss:3  | Noticed a tentacled starspawn
 13982 | Abyss:3  | Noticed an ancient lich
 13986 | Abyss:4  | Found a corrupted altar of Lugonu.
 14008 | Abyss:4  | Gained mutation: You have supernaturally acute eyesight.
                  | (SInv) [a cacodemon]
 14011 | Abyss:4  | Gained mutation: Your flesh is heat resistant. (rF+) [a
                  | cacodemon]
 14011 | Abyss:4  | Gained mutation: You passively dampen the noise of your
                  | surroundings. [a cacodemon]
 14050 | Abyss:4  | Quit the game

Illustrated notes

Levels and vault maps discovered:
D:1:      saegor_arrival_under_anarchy, layout_loops_ring
D:2:      layout_basic, ebering_ecumenical_altar_box,
          minmay_randomly_rotated_circles, uniq_jessica
D:3:      layout_rooms, chequers_arboretum, chequers_serial_rivers_small_b,
          nicolae_concentric_dashed_squares_mild
D:4:      dreamdust_elfheim, layout_basic, lemuel_round_altar, uniq_menkaure,
          uniq_robin
D:5:      layout_loops_corners, minmay_temple_entry_stoned_glass,
          ebering_ghost_inner_flame, cheibrodos_sewer_entry_bend
D:6:      layout_basic
D:7:      layout_basic, overflow_temple_1_default, chequers_ossuary_entry_cave,
          grunt_decor_one_mirror, uniq_pikel
D:8:      minmay_gate_of_8, layout_basic, mainiacjoe_overflow_catch_the_wave
D:9:      layout_basic, overflow_temple_1_default, erik_lair_island,
          orc_0_dummy, serial_rivers, chequers_serial_rivers_micro_e,
          chequers_serial_rivers_micro_c, chequers_serial_rivers_small_b,
          chequers_serial_rivers_small_3, chequers_serial_rivers_micro_c
D:10:     kb_forest_paths, layout_basic, enter_bailey_2, minmay_lindwurm_lava
D:11:     layout_grid_maze, kennysheep_generic_room_15
D:12:     layout_cave_pools
D:13:     layout_basic, nicolae_diode_basic
D:14:     layout_long_grid, david_vaults_2, roderic_roman_lattice
D:15:     grunt_enter_depths_snipers, layout_loops_cross, drop_trap,
          jiyva_altar_1
Lair:1:   layout_cave_pods, st_stairs_6
Lair:2:   layout_hall_layers, elwin_shoals_entry_rooms, lemuel_fruit_tree
Lair:3:   layout_chaotic_city, minmay_snake_entry_six_corridors,
          nicolae_lair_lakeside_cave, uniq_rupert
Lair:4:   layout_long_grid, minmay_slime_entry_oklob_enclosed,
          serial_bayou_shore_a, grunt_megastairs_3, lemuel_fruit_fields
Lair:5:   due_jungle_book, layout_misc_corridors, uniq_nessos
Orc:1:    layout_caves, hellmonk_ghost_happy_afterlife
Orc:2:    grunt_orc_cross, layout_caves, portal_ice_cave_entry_pillars_1
Depths:1: layout_cave_pools, hell_entry, abyss_entry,
          nicolae_qazlal_style_of_elements, hangedman_decor_cross_pass,
          minmay_shop_grove
Abyss:4:  base: D:6, hangedman_abyss_sting, onia_ninara_dug_in_and_dangerous

Skill      XL: |  1  2  3  4  5  6  7  8  9 10 11 12 13 14 15 16 17 |
---------------+----------------------------------------------------+-----
Earth Magic    | 4 5 6 8 9 11 12 13 14 15 17 18 | 18.0
Spellcasting   | 3 4 5 6 8 9 10 11 12 13 | 13.7
Conjurations   | 1 3 |  3.7
Invocations    | 2 3 4 5 7 9 |  9.0
Necromancy     | 2 4 6 8 10 11 | 11.9
Fighting       | 1 4 5 6 7 8 9 10 | 10.0
Dodging        | 3 5 6 7 9 10 11 | 11.3
Shields        | 3 6 9 11 12 14 | 14.0
Armour         | 2 5 6 |  6.7
Ice Magic      | 7 |  7.5
Stealth        | |  1.4
Transmutations | |  1.2

Action                   |  1- 3 |  4- 6 |  7- 9 | 10-12 | 13-15 | 16-18 || total
-------------------------+-------+-------+-------+-------+-------+-------++-------
Melee: Dagger            |       |       |    26 |    71 |   203 |   112 ||   412
       Punch             |       |       |       |     2 |       |       ||     2
 Cast: Sandblast         |    42 |    71 |    65 |    38 |    57 |    33 ||   306
       Stone Arrow       |       |     1 |   117 |    34 |   103 |   197 ||   452
       Borgnjor's Vile C |       |       |       |    90 |   167 |    94 ||   351
       Petrify           |       |       |       |     2 |     1 |     4 ||     7
       Lee's Rapid Decon |       |       |       |    12 |    32 |    14 ||    58
       Passwall          |       |       |       |       |     2 |    10 ||    12
Invok: Channel Magic     |       |       |       |     6 |    13 |     6 ||    25
Evoke: Wand              |       |       |     2 |     2 |       |     3 ||     7
  Use: Scroll            |       |     3 |    11 |     5 |    11 |     9 ||    39
       Potion            |       |       |     1 |       |       |       ||     1
Armor: Robe              |     2 |    12 |    51 |    37 |    72 |       ||   174
       Ring mail         |       |       |       |       |    25 |   198 ||   223
Dodge: Dodged            |    18 |    24 |    48 |   114 |   253 |   317 ||   774
Block: Kite shield       |       |       |       |     7 |   243 |   383 ||   633
       Buckler           |       |       |       |     6 |       |       ||     6

Table legend: (Time is in decaauts)
 A = Elapsed time spent in this place.
 B = Non-inter-level travel time spent in this place.
 C = Inter-level travel time spent in this place.
 D = Time resting spent in this place.
 E = Time spent auto-exploring this place.
 F = Levels seen in this place.
 G = Mean time per level.
                   A        B        C        D        E       F      G
               +--------+--------+--------+--------+--------+-----+--------+
         Total |  14410 |  13105 |   1305 |      0 |   5274 |  31 |  464.8 |
       Dungeon |   7874 |   7203 |    671 |      0 |   4380 |  15 |  524.9 |
          Lair |   2852 |   2239 |    613 |      0 |     36 |   5 |  570.4 |
  Orcish Mines |    749 |    729 |     20 |      0 |      0 |   2 |  374.5 |
        Depths |    244 |    244 |      0 |      0 |     64 |   1 |  244.0 |
         Abyss |   1264 |   1264 |      0 |      0 |    286 |   4 |  316.0 |
         Sewer |    573 |    573 |      0 |      0 |    392 |   1 |  573.0 |
       Ossuary |    171 |    171 |      0 |      0 |     58 |   1 |  171.0 |
        Bailey |    248 |    248 |      0 |      0 |      0 |   1 |  248.0 |
      Ice Cave |    432 |    432 |      0 |      0 |     57 |   1 |  432.0 |
               +--------+--------+--------+--------+--------+-----+--------+

Top non-repeatable levels by time:
    D:15: 1126 daAuts
  Lair:5: 857 daAuts
     D:7: 708 daAuts
    D:14: 695 daAuts
     D:6: 616 daAuts
 Abyss:3: 595 daAuts
  Lair:4: 593 daAuts
   Orc:2: 588 daAuts
   Sewer: 573 daAuts
 Abyss:1: 561 daAuts
     D:8: 555 daAuts
     D:5: 543 daAuts
  Lair:1: 540 daAuts
    D:10: 523 daAuts
  Lair:2: 519 daAuts
